 Dungeon Crawl Stone Soup version 0.27-a0-1200-g94dc6ad4cf (webtiles) character file.

Game seed: 4315717776077522438

210 Froggeryz the Cudgeller (level 5, -11/41 HPs)
             Began as a Barachi Fighter on May 30, 2021.
             Mangled by an ogre
             ... wielding a +0 giant club
              (24 damage)
             ... on level 4 of the Dungeon.
             The game lasted 00:03:01 (3762 turns).

Froggeryz the Cudgeller (Barachi Fighter)           Turns: 3762, Time: 00:03:02

Health: -11/41     AC: 10    Str: 18    XL:     5   Next: 88%
Magic:  5/5        EV:  7    Int: 14    God:
Gold:   956        SH:  9    Dex: 12    Spells: 4/4 levels left

rFire    . . .     SeeInvis .   a - +0 flail
rCold    + . .     Faith    .   c - +0 kite shield
rNeg     . . .     Spirit   .   b - +0 scale mail
rPois    .         Reflect  .   (no helmet)
rElec    .         Harm     .   (no cloak)
rCorr    .         Rampage  .   (no gloves)
Will     .....                  e - +2 pair of boots
Stlth    ..........             (no amulet)
HPRegen  0.13/turn              k - +6 ring of intelligence
MPRegen  0.09/turn              m - ring of protection from cold

@: slow
A: amphibious, slowness 1, strong legs 1, +LOS
a: Hop


You were on level 4 of the Dungeon.
You visited 1 branch of the dungeon, and saw 4 of its levels.

You collected 956 gold pieces.

Inventory:

Hand Weapons
 a - a +0 flail (weapon)
 p - a +0 dagger of venom
Missiles
 u - 21 poisoned darts (quivered)
Armour
 b - a +0 scale mail (worn)
 c - a +0 kite shield (worn)
 e - a +2 pair of boots (worn)
Jewellery
 k - a +6 ring of intelligence (left hand)
 m - a ring of protection from cold (right hand)
 r - an amulet of the acrobat
Wands
 t - a wand of polymorph (7)
Scrolls
 n - a scroll of noise {unknown}
 o - a scroll of summoning
 q - a scroll of fog {unknown}
 v - a scroll of fear {unknown}
Potions
 d - a potion of might
 g - a potion of brilliance {unknown}
 h - 2 potions of curing {unknown}
 i - 2 potions of heal wounds {unknown}
 j - 3 potions of berserk rage {unknown}
 s - a potion of flight {unknown}
 x - a potion of invisibility {unknown}


   Skills:
 - Level 3.6 Fighting
 * Level 6.1 Maces & Flails
 - Level 3.6 Armour
 + Level 4.0 Shields


You had 4 spell levels left.
You didn't know any spells.
Your spell library contained the following spells:

 Spells                   Type           Power      Damage    Failure   Level
 Freeze                   Ice            0%         1d3       98%         1
 Frozen Ramparts          Ice            0%         1d2       100%        3
 Ozocubu's Armour         Ice            0%         N/A       100%        3
 Hailstorm                Conj/Ice       0%         3d3       100%        4
 Metabolic Englaciation   Hex/Ice        0%         N/A       100%        5


Dungeon Overview and Level Annotations

Branches:
Dungeon (4/15)
 Temple: D:4-7

Altars:
Cheibriados
Elyvilon
Trog


Innate Abilities, Weirdness & Mutations

You are amphibious.
You cover ground slowly.
You can hop short distances.
You have an extended range of vision and can be seen from far away.


Message History

The goblin is heavily wounded.
The goblin hits you but does no damage. You block the goblin's attack.
You barely miss the goblin.
The goblin is heavily wounded.
You block the goblin's attack.
You barely miss the goblin.
The goblin is heavily wounded.
The goblin barely misses you.
You closely miss the goblin.
The goblin is heavily wounded.
The goblin hits you with a +0 dagger. The goblin hits you but does no damage.
You closely miss the goblin.
The goblin is heavily wounded.
You block the goblin's attack.
An ogre comes into view. It is wielding a +0 giant club.
The ogre shouts!
You sock the goblin!
You kill the goblin!
The ogre hits you with a +0 giant club!
An ogre is nearby!
An ogre is nearby!
You barely miss the ogre. You block the ogre's attack.
You hit the ogre.
The ogre is lightly wounded.
You block the ogre's attack.
You sock the ogre!
The ogre is heavily wounded.
You block the ogre's attack.
You sock the ogre!
The ogre is severely wounded.
The ogre hits you with a +0 giant club!!
* * * LOW HITPOINT WARNING * * *
You barely miss the ogre.
The ogre is severely wounded.
You block the ogre's attack.
You hit the ogre.
The ogre is almost dead.
The ogre hits you with a +0 giant club!!
Ouch! That really hurt!
You die...

#..#.......# #
#.####.####..#
#.)..........#
###))....###... ####
#...........
.....#########...).#.###.#
#..?.(....?..†...##.#
..##....#####....# .#
####..####..@.# .#
##<..##..O.# . ###...#...#
###....## ##.... .....#
...##.. ###. .# #. ..


You could see an ogre.

Vanquished Creatures
  An orc wizard (D:3)
  7 gnolls
  3 adders
  2 dart slugs (D:2)
  9 orcs (D:3)
  5 ball pythons
  5 endoplasms
  A giant cockroach (D:2)
  6 goblins
  6 hobgoblins
  5 jackals
  4 kobolds
  5 quokkas
  8 bats
  5 frilled lizards
  8 rats
80 creatures vanquished.

Notes
Turn   | Place    | Note
-------+----------+-------------------------------------------
     0 | D:1      | Froggeryz the Barachi Fighter began the quest for the Orb.
     0 | D:1      | Reached XP level 1. HP: 18/18 MP: 1/1
    71 | D:1      | Reached skill level 3 in Maces & Flails
    71 | D:1      | Reached XP level 2. HP: 21/24 MP: 2/2
   170 | D:1      | HP: 1/24 [kobold/+0 whip (2)]
   775 | D:1      | Reached XP level 3. HP: 28/29 MP: 3/3
  1047 | D:1      | Found a faded altar of an unknown god.
  1134 | D:2      | Reached skill level 4 in Maces & Flails
  1487 | D:2      | Reached XP level 4. HP: 28/36 MP: 4/4
  1687 | D:2      | Reached skill level 5 in Maces & Flails
  1734 | D:2      | Found a white marble altar of Elyvilon.
  2295 | D:2      | Reached XP level 5. HP: 38/41 MP: 5/5
  2433 | D:3      | Found a bloodstained altar of Trog.
  3553 | D:3      | Identified a scroll of acquirement
  3553 | D:3      | Acquired 868 gold pieces
  3634 | D:4      | Reached skill level 6 in Maces & Flails
  3730 | D:4      | Found a snail-covered altar of Cheibriados.
  3752 | D:4      | Noticed an ogre
  3762 | D:4      | Mangled by an ogre

Illustrated notes

Levels and vault maps discovered:
D:1:      lightli_arrival_noodles, layout_loops_ring,
          shapermc_ecumenical_altar_hornbeckon, st_stairs_11
D:2:      layout_loops_corners, basic_altar
D:3:      layout_loops_ring, nicolae_overflow_hidden_temple,
          minmay_tree_intersection, kennysheep_nub
D:4:      layout_rooms, lemuel_tele_altar, chequers_serial_rivers_marsh,
          kennysheep_generic_room_8

Skill      XL: |  1  2  3  4  5 |
---------------+----------------+-----
Maces & Flails | 3 4 5 6 |  6.1
Shields        | 4 |  4.0
Fighting       | |  3.6
Armour         | |  3.6

Action                   |  1- 3 |  4- 6 || total
-------------------------+-------+-------++-------
Melee: Flail             |   137 |   180 ||   317
 Abil: Hop               |     1 |       ||     1
  Use: Scroll            |       |     4 ||     4
Armor: Scale mail        |   119 |   104 ||   223
Dodge: Dodged            |    48 |    56 ||   104
Block: Kite shield       |   108 |    80 ||   188

Table legend: (Time is in decaauts)
 A = Elapsed time spent in this place.
 B = Non-inter-level travel time spent in this place.
 C = Inter-level travel time spent in this place.
 D = Time resting spent in this place.
 E = Time spent auto-exploring this place.
 F = Levels seen in this place.
 G = Mean time per level.
                   A        B        C        D        E       F      G
               +--------+--------+--------+--------+--------+-----+--------+
         Total |   4312 |   4117 |    195 |    900 |   2481 |   4 | 1078.0 |
       Dungeon |   4312 |   4117 |    195 |    900 |   2481 |   4 | 1078.0 |
               +--------+--------+--------+--------+--------+-----+--------+

Top non-repeatable levels by time:
     D:2: 1488 daAuts
     D:1: 1311 daAuts
     D:3: 1288 daAuts
     D:4: 223 daAuts
